 Dungeon Crawl Stone Soup version 0.29-a0-214-g17f627cfee (webtiles) character file.

Game seed: 13137216757351633846

39 sammy202020 the Cutter (level 3, -5/23 HPs)
             Began as a Kobold Berserker on Feb 24, 2022.
             Was a Follower of Trog.
             Slain by a gnoll
             ... wielding a +0 halberd
              (11 damage)
             ... on level 2 of the Dungeon.
             The game lasted 00:04:56 (1599 turns).

sammy202020 the Cutter (Kobold Berserker)           Turns: 1599, Time: 00:04:58

Health: -5/23      AC:  3    Str: 14    XL:     3   Next: 67%
Magic:  3/3        EV: 14    Int:  8    God:    Trog [*.....]
Gold:   86         SH:  0    Dex: 16    Spells: 2/2 levels left

rFire   . . .      SeeInvis .   d - +0 short sword (freeze)
rCold   . . .      Faith    .   (no shield)
rNeg    . . .      Spirit   .   c - +0 leather armour
rPois   .          Reflect  .   (no helmet)
rElec   .          Harm     .   (no cloak)
rCorr   .          Rampage  .   (no gloves)
Will    .....                   (no boots)
Stlth   +++.......              (no amulet)
HPRegen 0.07/turn               (no ring)
MPRegen 0.08/turn               (no ring)

@: no status effects
A: small, no large weapons, nightstalker 3
a: Renounce Religion, Berserk


You were on level 2 of the Dungeon.
You worshipped Trog.
Trog was aware of your devotion.
You visited 1 branch of the dungeon, and saw 2 of its levels.

You collected 86 gold pieces.

Inventory:

Hand Weapons
 a - a +0 short sword
 d - a +0 short sword of freezing (weapon)
 e - a +0 dagger
Armour
 b - a +0 animal skin
 c - a +0 leather armour (worn)
Scrolls
 f - a scroll of fog {unknown}
 h - a scroll of identify {unknown}
 j - a scroll of fear {unknown}
 k - a scroll of teleportation {unknown}
Potions
 g - a potion of invisibility {unknown}
 i - a potion of heal wounds {unknown}
 l - 2 potions of curing {unknown}


   Skills:
 + Level 3.5 Fighting
 + Level 4.7 Short Blades
 + Level 1.8 Armour
 + Level 2.6 Dodging
 * Level 2.1 Stealth


You had 2 spell levels left.
You didn't know any spells.
Your spell library was empty.

Dungeon Overview and Level Annotations

Branches:
Dungeon (2/15)

Altars:


Innate Abilities, Weirdness & Mutations

You are small and have problems with some larger weapons.
You are completely attuned to the shadows.


Message History

The bat completely misses you. The bat closely misses you.
The gnoll barely misses you. The bat barely misses you. The bat hits you.
The bat misses you. The bat barely misses you.
The bat hits you but does no damage. The bat hits you but does no damage.
The bat barely misses you. The bat closely misses you.
The gnoll closely misses you.
You hit the bat. You freeze the bat.
You kill the bat!
Trog accepts your kill. The gnoll misses you. The gnoll closely misses you.
You hit the gnoll. You freeze the gnoll.
The gnoll is moderately wounded.
The gnoll misses you.
You completely miss the gnoll.
The gnoll is moderately wounded.
The gnoll hits you with a +0 halberd.
You hit the gnoll. You freeze the gnoll.
The gnoll is almost dead.
The gnoll hits you with a +0 halberd!
* * * LOW HITPOINT WARNING * * *
You completely miss the gnoll.
The gnoll is almost dead.
The gnoll closely misses you.
You barely miss the gnoll.
The gnoll is almost dead.
You barely miss the gnoll.
The gnoll is almost dead.
The gnoll closely misses you.
You completely miss the gnoll.
The gnoll is almost dead.
The gnoll misses you.
You barely miss the gnoll.
The gnoll is severely wounded.
The gnoll hits you with a +0 halberd!
You die...

#.....<...........
#.................
#...........####.g
#.########### ..#
#.# ### ...# #.#
##)# ..#.. #.#
##.######
#g###.#..#..#
#@##.##.##..#
#.#.#...##..###
##.##..###....#
#.#....###.##.####
###..#..##..#.....
...#...#..#####.
.#.#.#.#......#.
#.#.######.#.
..#.#......#.


You could see a gnoll.

Vanquished Creatures
  5 endoplasms (D:1)
  4 goblins
  4 hobgoblins
  5 jackals (D:1)
  3 quokkas (D:1)
  4 ball pythons
  5 bats
  A rat (D:1)
31 creatures vanquished.

Vanquished Creatures (others)
  2 demonic plants (D:2)
2 creatures vanquished.

Grand Total: 33 creatures vanquished

Notes
Turn   | Place    | Note
-------+----------+-------------------------------------------
     0 | D:1      | sammy202020 the Kobold Berserker began the quest for the
                  | Orb.
     0 | D:1      | Reached XP level 1. HP: 14/14 MP: 1/1
   226 | D:1      | Reached XP level 2. HP: 14/19 MP: 2/2
   233 | D:1      | Reached skill level 1 in Stealth
   825 | D:1      | Reached XP level 3. HP: 23/23 MP: 3/3
  1390 | D:2      | Noticed a rust devil
  1418 | D:2      | Found a faded altar of an unknown god.
  1599 | D:2      | Slain by a gnoll

Illustrated notes

Levels and vault maps discovered:
D:1:      wander_arrival_fairy_ring, layout_loops_ring, kennysheep_another_room,
          minmay_pentomino_q4
D:2:      wad_crossroads, layout_basic, dreamdust_ecumenical_altar_sealed_demon,
          item_on_display_a

Skill      XL: |  1  2  3 |
---------------+----------+-----
Stealth        | 1 2 |  2.1
Fighting       | |  3.5
Short Blades   | |  4.7
Armour         | |  1.8
Dodging        | |  2.6

Action                   || total
-------------------------++-------
Melee: Short sword       ||    81
  Use: Scroll            ||     1
 Stab: Sleeping          ||    12
Armor: Leather armour    ||    11
       Animal skin       ||     1
Dodge: Dodged            ||    50

Table legend: (Time is in decaauts)
 A = Elapsed time spent in this place.
 B = Non-inter-level travel time spent in this place.
 C = Inter-level travel time spent in this place.
 D = Time resting spent in this place.
 E = Time spent auto-exploring this place.
 F = Levels seen in this place.
 G = Mean time per level.
                   A        B        C        D        E       F      G
               +--------+--------+--------+--------+--------+-----+--------+
         Total |   1588 |   1570 |     18 |      0 |    926 |   2 |  794.0 |
       Dungeon |   1588 |   1570 |     18 |      0 |    926 |   2 |  794.0 |
               +--------+--------+--------+--------+--------+-----+--------+

Top non-repeatable levels by time:
     D:1: 1211 daAuts
     D:2: 377 daAuts
